 Dungeon Crawl Stone Soup version 0.30.1-11-g7821555f0a (webtiles) character file.

Game seed: 15387500141646772425

112 Groucho the Shooter (level 5, -3/41 HPs)
             Began as a Formicid Hunter on Nov 22, 2023.
             Slain by a gnoll
             ... wielding a +0 whip
              (8 damage)
             ... on level 4 of the Dungeon.
             The game lasted 00:03:22 (2068 turns).

Groucho the Shooter (Formicid Hunter)               Turns: 2068, Time: 00:03:22

Health: -3/41      AC:  1    Str: 15    XL:     5   Next: 16%
Magic:  5/5        EV: 12    Int: 11    God:
Gold:   112        SH:  0    Dex: 17    Spells: 4/4 levels left

rFire   + + .        a - +0 shortbow
rCold   + . .        (no shield)
rNeg    . . .        c - +0 leather armour
rPois   .            (helmet unavailable)
rElec   .            p - scarf {rC+ rF+}
rCorr   .            (no gloves)
SInv    +            (no boots)
Will    .....        f - amulet of regeneration
Stlth   ++           (no ring)
HPRegen 1.06/turn    (no ring)
MPRegen 0.09/turn

%: no passive effects
@: unable to read
A: permanent stasis, dig shafts and tunnels, antennae 3, four strong arms,
deformed body, fire resistance 1, inability to read after injury 1
a: Dig, Shaft Self


You were on level 4 of the Dungeon.
You visited 1 branch of the dungeon, and saw 4 of its levels.

You collected 112 gold pieces.

Inventory:

Hand Weapons
 a - a +0 shortbow (weapon)
Armour
 c - a +0 leather armour (worn)
 p - a scarf of resistance (worn)
Jewellery
 f - an amulet of regeneration (around neck)
 o - a ring of fire
Wands
 r - a wand of mindburst (10)
Scrolls
 b - 5 scrolls of immolation
 e - 7 scrolls of identify {unknown}
 i - 2 scrolls of enchant armour {unknown}
 j - a scroll of noise {unknown}
 k - 2 scrolls of teleportation {unknown}
 n - a scroll of fog {unknown}
 q - a scroll of brand weapon {unknown}
Potions
 d - a potion of degeneration {unknown}
 g - a potion of mutation
 l - a potion of lignification {unknown}
 m - a potion of flight {unknown}


   Skills:
 + Level 3.3 Fighting
 + Level 4.5 Ranged Weapons
 + Level 2.6 Dodging
 + Level 3.1 Stealth


You had 4 spell levels left.
You didn't know any spells.
Your spell library contained the following spells:

 Spells                   Type           Power      Damage    Failure   Level
 Cigotuvi's Dreadful Rot  Necr/Pois/Air  0%         N/A       54%         2
 Call Canine Familiar     Summ           0%         N/A       78%         3
 Ignite Poison            Fire/Tmut/Pois 0%         N/A       78%         3
 Portal Projectile        Hex/Tloc       0%         N/A       78%         3
 Leda's Liquefaction      Hex/Erth       0%         N/A       99%         4
 Freezing Cloud           Conj/Ice/Air   0%         6-21      100%        5


Dungeon Overview and Level Annotations

Branches:
Dungeon (4/15)
 Temple: D:4-7

Altars:
Zin

Shops:
D:1 (   D:2 *


Innate Abilities, Weirdness & Mutations

You cannot be hasted, slowed, berserked, paralysed or teleported.
You can dig through walls and to a lower floor.
You have a pair of large antennae on your head. (SInv)
Your four strong arms can wield two-handed weapons with a shield.
Armour fits poorly on your strangely shaped body.
Your flesh is heat resistant. (rF+)
You occasionally lose the ability to read scrolls when taking damage.


Message History

You are too injured to fight recklessly!
Non-targeted abil: Dig
Press: ? - help, Q - select action, (/) - cycle Dir - look around, f - activate Look: a gnoll, wielding a +0 spear You extend your mandibles.
Unknown command.
Unknown command.
Unknown command.
Non-targeted abil: Dig
Press: ? - help, Q - select action, (/) - cycle Dir - look around, f - activate You retract your mandibles.
Unknown command.
Unknown command.
Unknown command.
Unknown command.
Unknown command.
Unknown command.
Non-targeted abil: Dig
Press: ? - help, Q - select action, (/) - cycle Dir - look around, f - activate You extend your mandibles.
Unknown command.
Unknown command.
Unknown command.
Unknown command.
Unknown command.
The gnoll hits you with a +0 whip.
* * * LOW HITPOINT WARNING * * *
The gnoll hits you from afar with a +0 spear.
* * * LOW HITPOINT WARNING * * *
Unknown command.
Unknown command.
The gnoll barely misses you. The gnoll completely misses you.
Unknown command.
The gnoll closely misses you.
The gnoll hits you from afar with a +0 spear.
* * * LOW HITPOINT WARNING * * *
Unknown command.
The ogre closely misses you. The gnoll hits you with a +0 whip!
You feel threatened and lose the ability to read scrolls!
You die...

#........# ... ..# #..).....#
#.# #.# #[.......# #.#
#.##########..
#........###.###.............
#........#...................
#........#.#....###.#.######.
.................#
#.#........
########..#.#O...#
#.#..######
#.....gg@...###.#..#
#....#.###..#.....## #....#.#
#..#.....# #....#.#
#.).>....#
......#.####†#######
......#.......# ....
#.......#######
#.###...#.....#####
#.....<...........##


You could see an ogre and 2 gnolls.

Vanquished Creatures
  A gnoll (D:4)
  3 adders
  A white imp (D:3)
  A worm (D:2)
  A dart slug (D:1)
  5 orcs
  4 endoplasms
  3 giant cockroaches (D:1)
  7 goblins
  11 hobgoblins
  2 quokkas
  5 ball pythons
  5 bats
  5 kobolds
  A rat (D:1)
55 creatures vanquished.

Notes
Turn   | Place    | Note
-------+----------+-------------------------------------------
     0 | D:1      | Groucho the Formicid Hunter began the quest for the Orb.
     0 | D:1      | Reached XP level 1. HP: 16/16 MP: 1/1
    46 | D:1      | Found Diokam's Weapon Boutique.
   112 | D:1      | Reached XP level 2. HP: 23/23 MP: 2/2
   258 | D:1      | Reached XP level 3. HP: 28/28 MP: 3/3
   472 | D:2      | Identified the +1 robe of Dishonour {+Blink Dex+4}
   570 | D:2      | Identified the +3 ring mail of Resilience {Dex+4}
   965 | D:2      | Found Lupovad's General Store.
  1015 | D:3      | Reached XP level 4. HP: 34/34 MP: 4/4
  1250 | D:3      | Found a glowing silver altar of Zin.
  1801 | D:4      | Reached XP level 5. HP: 35/41 MP: 5/5
  2045 | D:4      | Noticed an ogre
  2055 | D:4      | HP: 2/41 [ogre/+0 giant club (25)]
  2056 | D:4      | Gained mutation: Armour fits poorly on your strangely
                  | shaped body. [potion of mutation]
  2056 | D:4      | Gained mutation: You occasionally lose the ability to read
                  | scrolls when taking damage. [potion of mutation]
  2056 | D:4      | Gained mutation: Your flesh is heat resistant. (rF+)
                  | [potion of mutation]
  2068 | D:4      | Slain by a gnoll

Illustrated notes

Levels and vault maps discovered:
D:1:      wander_arrival_desolate, layout_rooms, serial_shops, shop
D:2:      layout_basic, serial_shops, nicolae_square_shop,
          small_statue_intersection
D:3:      layout_basic, mainiacjoe_overflow_six_doors_small, st_stairs_6
D:4:      layout_basic

Skill      XL: |  1  2  3  4 |
---------------+-------------+-----
Dodging        | 2 |  2.6
Stealth        | 2 3 |  3.1
Fighting       | 3 |  3.3
Ranged Weapons | |  4.5

Action                     |  1- 3 |  4- 6 || total
---------------------------+-------+-------++-------
   Fire: Shortbow          |    73 |    85 ||   158
Ability: Dig               |       |     3 ||     3
    Use: Potion            |       |     3 ||     3
 Armour: Leather armour    |     4 |     9 ||    13
  Dodge: Dodged            |    14 |    32 ||    46
